[ AOE2 MATCH · #494076171 ]
UnrankedGoths vs Japanese
Player's team · LOSS
Rival team · WIN
[ REPLAY ANALYSIS · EXTRACTED FROM THE RECORDED GAME ]
Feudal
10:49
Castle
—
Imperial
—
| APM avg | 43.1 |
| APM peak | 74 |
| eAPM avg | 14.1 |
| Villagers / military | 59 / 20 |
Focus
⚔️ 30.0% · 🌾 70.0%
Archer ×10 · Militia ×10
Feudal
9:17
Castle
—
Imperial
—
| APM avg | 59.9 |
| APM peak | 114 |
| eAPM avg | 29.1 |
| Villagers / military | 58 / 14 |
Focus
⚔️ 41.4% · 🌾 58.6%
Militia ×14
Match map
Initial resources + every placement click. Lines = walls · curves = elevation contours. ◆ gold · ⬟ stone · ● berries · ✦ relic · ◌ wall gap
Your base· Open — unwalled flank
Hayato Kazami's base· Open — unwalled flank
Smoothed initial terrain · ◌ = detected wall gap · hover for details
Inputs per minute
— Apis - - Hayato Kazami
Build order — Apis
131 actions detected in the replay
| 0:01 | Create | Villager (Male) |
| 0:01 | Create | Villager (Male) |
| 0:01 | Create | Villager (Male) |
| 0:02 | Create | Villager (Male) |
| 0:02 | Create | Villager (Male) |
| 0:04 | Build | House |
| 0:05 | Build | House |
| 1:13 | Research | Loom |
| 1:14 | Create | Villager (Male) |
| 1:14 | Create | Villager (Male) |
| 1:29 | Create | Villager (Male) |
| 1:30 | Create | Villager (Male) |
| 1:46 | Build | Lumber Camp |
| 2:05 | Create | Villager (Male) |
| 2:05 | Create | Villager (Male) |
| 2:19 | Create | Villager (Male) |
| 2:49 | Create | Villager (Male) |
| 2:50 | Create | Villager (Male) |
| 3:09 | Create | Villager (Male) |
| 3:48 | Create | Villager (Male) |
| 3:52 | Build | House |
| 4:27 | Create | Villager (Male) |
| 4:34 | Create | Villager (Male) |
| 5:15 | Create | Villager (Male) |
| 5:16 | Create | Villager (Male) |
| 5:30 | Build | Barracks |
| 5:34 | Create | Villager (Male) |
| 5:50 | Build | House |
| 5:58 | Create | Villager (Male) |
| 6:31 | Build | Mill |
| 6:35 | Create | Villager (Male) |
| 6:39 | Create | Militia |
| 6:39 | Create | Militia |
| 7:12 | Create | Villager (Male) |
| 7:20 | Create | Militia |
| 7:20 | Create | Militia |
| 7:24 | Build | Mining Camp |
| 7:29 | Create | Villager (Male) |
| 7:49 | Create | Villager (Male) |
| 8:17 | Build | House |
| 8:39 | Research | Feudal Age |
| 8:57 | Create | Militia |
| 8:58 | Create | Militia |
| 9:11 | Build | Mill |
| 9:20 | Create | Militia |
| 9:43 | Create | Villager (Male) |
| 9:53 | Create | Militia |
| 9:53 | Create | Militia |
| 9:53 | Create | Militia |
| 10:00 | Create | Villager (Male) |
| 10:07 | Build | House |
| 10:11 | Build | Palisade Wall |
| 10:19 | Build | Palisade Wall |
| 10:31 | Create | Villager (Male) |
| 10:49 | Age | Feudal Age |
| 10:54 | Build | Watch Tower |
| 11:26 | Build | House |
| 11:58 | Create | Villager (Male) |
| 12:00 | Create | Villager (Male) |
| 12:02 | Build | Archery Range |
| 12:14 | Build | Lumber Camp |
| 12:25 | Create | Villager (Male) |
| 12:38 | Create | Villager (Male) |
| 12:45 | Build | Mining Camp |
| 12:55 | Create | Villager (Male) |
| 13:53 | Research | Man-at-Arms (upgrade) |
| 13:53 | Research | Man-at-Arms (upgrade) |
| 14:05 | Create | Villager (Male) |
| 14:10 | Build | House |
| 14:26 | Build | House |
| 14:41 | Create | Villager (Male) |
| 14:52 | Build | Palisade Wall |
| 14:54 | Build | Palisade Wall |
| 14:56 | Build | Palisade Wall |
| 15:01 | Create | Archer |
| 15:02 | Create | Archer |
| 15:33 | Build | Farm |
| 15:34 | Build | Farm |
| 15:36 | Create | Villager (Male) |
| 15:37 | Create | Villager (Male) |
| 16:02 | Build | Farm |
| 16:03 | Build | Farm |
| 16:04 | Build | Farm |
| 16:17 | Create | Villager (Male) |
| 16:18 | Create | Villager (Male) |
| 16:39 | Create | Archer |
| 16:39 | Create | Archer |
| 16:44 | Build | Farm |
| 16:45 | Build | Farm |
| 16:47 | Build | Farm |
| 16:57 | Build | House |
| 17:18 | Create | Villager (Male) |
| 17:18 | Create | Villager (Male) |
| 17:23 | Build | Mining Camp |
| 17:29 | Create | Archer |
| 17:29 | Create | Archer |
| 17:30 | Create | Villager (Male) |
| 17:30 | Create | Villager (Male) |
| 17:32 | Build | Blacksmith |
| 17:34 | Build | Farm |
| 17:50 | Create | Villager (Male) |
| 17:58 | Create | Archer |
| 17:58 | Create | Villager (Male) |
| 18:11 | Create | Villager (Male) |
| 18:20 | Build | House |
| 18:37 | Research | Fletching |
| 18:38 | Research | Fletching |
| 19:08 | Create | Villager (Male) |
| 19:09 | Create | Villager (Male) |
| 19:12 | Create | Villager (Male) |
| 19:32 | Create | Villager (Male) |
| 19:40 | Build | Farm |
| 19:43 | Build | Farm |
| 19:48 | Build | House |
| 19:52 | Create | Villager (Male) |
| 19:56 | Build | Watch Tower |
| 20:03 | Create | Villager (Male) |
| 20:07 | Create | Archer |
| 20:07 | Create | Archer |
| 20:07 | Create | Archer |
| 20:24 | Build | House |
| 20:33 | Build | Lumber Camp |
| 20:39 | Create | Villager (Male) |
| 21:04 | Create | Villager (Male) |
| 21:12 | Build | Farm |
| 21:21 | Create | Villager (Male) |
| 21:38 | Create | Villager (Male) |
| 21:38 | Create | Villager (Male) |
| 22:23 | Build | Farm |
| 22:24 | Build | Farm |
| 22:29 | Create | Villager (Male) |
Build order — Hayato Kazami
142 actions detected in the replay
| 0:00 | Create | Villager (Male) |
| 0:00 | Create | Villager (Male) |
| 0:02 | Build | House |
| 0:03 | Build | House |
| 0:05 | Create | Villager (Male) |
| 0:05 | Create | Villager (Male) |
| 1:29 | Create | Villager (Male) |
| 1:29 | Create | Villager (Male) |
| 2:07 | Create | Villager (Male) |
| 2:07 | Create | Villager (Male) |
| 2:18 | Build | Lumber Camp |
| 2:23 | Build | House |
| 2:29 | Create | Villager (Male) |
| 2:30 | Create | Villager (Male) |
| 2:48 | Create | Villager (Male) |
| 2:48 | Create | Villager (Male) |
| 2:48 | Create | Villager (Male) |
| 3:02 | Build | House |
| 3:28 | Create | Villager (Male) |
| 3:28 | Create | Villager (Male) |
| 4:06 | Build | Mill |
| 4:23 | Create | Villager (Male) |
| 4:23 | Create | Villager (Male) |
| 4:51 | Create | Villager (Male) |
| 4:51 | Create | Villager (Male) |
| 4:59 | Create | Villager (Male) |
| 4:59 | Create | Villager (Male) |
| 5:00 | Create | Villager (Male) |
| 5:36 | Create | Villager (Male) |
| 5:55 | Create | Villager (Male) |
| 6:20 | Build | Barracks |
| 6:22 | Research | Loom |
| 7:02 | Research | Feudal Age |
| 7:02 | Research | Feudal Age |
| 7:08 | Build | Mining Camp |
| 7:19 | Create | Militia |
| 7:34 | Create | Militia |
| 7:52 | Build | Mill |
| 8:03 | Create | Militia |
| 8:03 | Create | Militia |
| 8:11 | Build | House |
| 8:33 | Build | House |
| 8:52 | Create | Militia |
| 9:01 | Build | House |
| 9:04 | Build | Palisade Wall |
| 9:09 | Create | Villager (Male) |
| 9:17 | Age | Feudal Age |
| 9:20 | Research | Man-at-Arms (upgrade) |
| 9:20 | Research | Man-at-Arms (upgrade) |
| 9:21 | Research | Double-Bit Axe |
| 9:21 | Research | Double-Bit Axe |
| 9:52 | Create | Villager (Male) |
| 9:52 | Create | Villager (Male) |
| 10:08 | Build | Watch Tower |
| 10:21 | Create | Villager (Male) |
| 10:21 | Create | Villager (Male) |
| 10:35 | Build | Palisade Wall |
| 10:52 | Create | Villager (Male) |
| 10:52 | Create | Villager (Male) |
| 11:03 | Build | Mill |
| 11:11 | Build | Farm |
| 11:26 | Build | Farm |
| 11:27 | Build | Farm |
| 11:28 | Build | Farm |
| 11:57 | Create | Villager (Male) |
| 11:58 | Create | Villager (Male) |
| 12:08 | Build | Mining Camp |
| 12:15 | Create | Villager (Male) |
| 12:16 | Create | Villager (Male) |
| 12:31 | Create | Villager (Male) |
| 12:31 | Create | Villager (Male) |
| 12:53 | Create | Villager (Male) |
| 13:05 | Create | Villager (Male) |
| 13:05 | Create | Villager (Male) |
| 13:22 | Build | Mill |
| 13:29 | Create | Villager (Male) |
| 13:46 | Build | Blacksmith |
| 13:55 | Create | Villager (Male) |
| 14:41 | Create | Militia |
| 14:41 | Create | Militia |
| 14:41 | Create | Militia |
| 14:47 | Build | House |
| 14:50 | Create | Villager (Male) |
| 15:00 | Build | House |
| 15:05 | Create | Militia |
| 15:15 | Research | Town Watch |
| 15:15 | Research | Town Watch |
| 15:24 | Build | Farm |
| 15:25 | Create | Villager (Male) |
| 15:29 | Create | Militia |
| 15:33 | Research | Fletching |
| 15:33 | Research | Fletching |
| 15:40 | Build | Farm |
| 15:54 | Create | Villager (Male) |
| 16:06 | Create | Villager (Male) |
| 16:28 | Create | Villager (Male) |
| 16:38 | Create | Villager (Male) |
| 16:40 | Build | Farm |
| 16:57 | Create | Villager (Male) |
| 17:00 | Build | Stone Wall |
| 17:01 | Build | Stone Wall |
| 17:04 | Build | Stone Wall |
| 17:05 | Build | Stone Wall |
| 17:09 | Build | Stone Wall |
| 17:12 | Build | Stone Wall |
| 17:16 | Build | Stone Wall |
| 17:20 | Build | Stone Wall |
| 17:31 | Build | Watch Tower |
| 17:48 | Build | House |
| 17:49 | Build | House |
| 17:50 | Build | House |
| 17:51 | Build | House |
| 17:52 | Build | House |
| 18:03 | Create | Villager (Male) |
| 18:36 | Build | Watch Tower |
| 18:39 | Research | Wheelbarrow |
| 18:55 | Build | Stone Wall |
| 18:57 | Build | Stone Wall |
| 19:04 | Research | Scale Mail Armor |
| 19:18 | Create | Villager (Male) |
| 19:23 | Build | Watch Tower |
| 19:35 | Create | Villager (Male) |
| 19:47 | Build | Watch Tower |
| 19:59 | Build | Watch Tower |
| 20:09 | Build | Farm |
| 20:10 | Build | Farm |
| 20:11 | Build | Farm |
| 20:18 | Create | Villager (Male) |
| 20:40 | Create | Militia |
| 20:41 | Create | Militia |
| 20:43 | Create | Villager (Male) |
| 20:55 | Build | Farm |
| 21:08 | Build | Farm |
| 21:11 | Create | Villager (Male) |
| 21:19 | Build | Lumber Camp |
| 21:42 | Create | Villager (Male) |
| 21:54 | Build | Farm |
| 21:55 | Build | Farm |
| 22:04 | Create | Militia |
| 22:05 | Create | Militia |
| 22:26 | Create | Villager (Male) |
| 22:26 | Create | Villager (Male) |
Match timeline
| 5:30 | Apis · first_building Barracks |
| 6:20 | Hayato Kazami · first_building Barracks |
| 9:04 | Hayato Kazami · wall_segment Palisade Wall x1 |
| 9:17 | Hayato Kazami · age_up feudal |
| 10:11 | Apis · wall_segment Palisade Wall x1 |
| 10:19 | Apis · wall_segment Palisade Wall x1 |
| 10:35 | Hayato Kazami · wall_segment Palisade Wall x1 |
| 10:49 | Apis · age_up feudal |
| 12:02 | Apis · first_building Archery Range |
| 14:52 | Apis · wall_segment Palisade Wall x1 |
| 14:54 | Apis · wall_segment Palisade Wall x1 |
| 14:56 | Apis · wall_segment Palisade Wall x1 |
| 17:00 | Hayato Kazami · wall_segment Stone Wall x1 |
| 17:01 | Hayato Kazami · wall_segment Stone Wall x1 |
| 17:04 | Hayato Kazami · wall_segment Stone Wall x1 |
| 17:05 | Hayato Kazami · wall_segment Stone Wall x1 |
| 17:09 | Hayato Kazami · wall_segment Stone Wall x1 |
| 17:12 | Hayato Kazami · wall_segment Stone Wall x1 |
| 17:16 | Hayato Kazami · wall_segment Stone Wall x1 |
| 17:20 | Hayato Kazami · wall_segment Stone Wall x1 |
| 18:55 | Hayato Kazami · wall_segment Stone Wall x1 |
| 18:57 | Hayato Kazami · wall_segment Stone Wall x1 |
| 22:40 | Apis · resign |
[ AI ANALYSIS · 1 CREDIT ]
What really happened in this match?
Wolo.gg analyzes every decision: build order, eco, micro, common mistakes by bracket. Personalized analysis on WhatsApp or Discord in 30 seconds.
Civ guide
Goths
Perfil
Jugador #574484